 Dungeon Crawl Stone Soup version 0.26-a0-27-g1f0226971c (webtiles) character file.

Game seed: 4698938295590832647, levelgen mode: deterministic

142 Esekla the Slasher (level 5, 0/35 HPs)
             Began as an Octopode Warper on May 27, 2020.
             Slain by an orc priest
             ... wielding a +0 mace
              (8 damage)
             ... on level 3 of the Dungeon.
             The game lasted 00:07:48 (1753 turns).

Esekla the Slasher (Octopode Warper)                Turns: 1753, Time: 00:07:50

Health: 0/35       AC:  1    Str: 10    XL:     5   Next: 25%
Magic:  6/8        EV: 14    Int: 22    God:
Gold:   71         SH:  0    Dex: 12    Spells: 4/8 levels left

rFire    . . .     SeeInvis .   a - +0 falchion
rCold    . . .     Gourm    .   (no shield)
rNeg     . . .     Faith    .   (helmet restricted)
rPois    .         Spirit   .   k - amulet of regeneration
rElec    .         Reflect  .   h - +6 ring of intelligence
rCorr    .         Harm     .   (no ring)
MR       .....                  (no ring)
Stlth    +++.......             (no ring)
HPRegen  0.51/turn              (no ring)
MPRegen  0.11/turn              (no ring)
                                (no ring)
                                (no ring)

@: very slightly contaminated
A: almost no armour, stealthy swim, amphibious, 8 rings, constrict 8, camouflage
1, gelatinous body 1
a: no special abilities


You were on level 3 of the Dungeon.
You were not hungry.

You visited 1 branch of the dungeon, and saw 3 of its levels.

You collected 71 gold pieces.

Inventory:

Hand Weapons
 a - a +0 falchion (weapon)
 l - a +2 dagger of flaming
Missiles
 d - 5 boomerangs of dispersal (quivered)
Jewellery
 h - a +6 ring of intelligence (left tentacle)
 k - an amulet of regeneration (around mantle)
Wands
 m - a wand of flame (6)
Scrolls
 c - a scroll of blinking
 e - 2 scrolls of teleportation {unknown}
 g - a scroll of enchant weapon {unknown}
 j - a scroll of fear {unknown}
 n - a scroll of remove curse {unknown}
Potions
 b - a potion of invisibility {unknown}
 i - a potion of degeneration {unknown}
 o - a potion of magic {unknown}
 q - a potion of haste {unknown}
Comestibles
 f - 2 rations
 p - a chunk of flesh


   Skills:
 + Level 2.4 Fighting
 * Level 3.7 Long Blades
 - Level 1.0 Throwing
 * Level 3.6 Dodging
 + Level 1.8 Stealth
 + Level 2.1 Spellcasting
 + Level 3.0 Translocations


You had 4 spell levels left.
You knew the following spells:

 Your Spells              Type           Power        Failure   Level  Hunger
a - Shroud of Golubria    Chrm/Tloc      #.....       11%         2    ##.....
b - Blink                 Tloc           N/A          6%          2    ##.....

Your spell library contained the following spells:

 Spells                   Type           Power        Failure   Level  Hunger
 Gell's Gravitas          Tloc           ###.......   12%         3    ###....
 Lesser Beckoning         Tloc           ###.......   12%         3    ###....
 Teleport Other           Tloc           ###.....     12%         3    ###....
 Passage of Golubria      Tloc           N/A          36%         4    #####..


Dungeon Overview and Level Annotations

Branches:
Dungeon (3/15)

Altars:


Innate Abilities, Weirdness & Mutations

You cannot wear most types of armour.
You are very stealthy in the water. (Stealth+)
You are amphibious.
You can wear up to eight rings at the same time.
You can use your tentacles to constrict eight enemies at once.
Your skin changes colour to match your surroundings (Stealth+).
Your rubbery body absorbs attacks. (AC +1, EV +1)


Message History

The orc priest looks braver for a moment.
You barely miss the orc priest. You grab the orc priest.
You squeeze the orc priest, but do no damage.
You constrict the orc priest. The orc hits you but does no damage.
The orc priest hits you with a +0 mace. The orc closely misses you.
The orc hits you with a +0 whip.
You completely miss the orc priest. You squeeze the orc priest.
The orc priest is moderately wounded.
You constrict the orc priest. The orc priest barely misses you.
You riposte.
You hit the orc priest.
The orc priest is heavily wounded.
The orc hits you with a +0 mace. The orc hits you with a +0 whip!
* * * LOW HITPOINT WARNING * * *
Casting: Shroud of Golubria (safe; 11% risk of failure)
Confirm with . or Enter, or press ? or * to list all spells.
You miscast Shroud of Golubria.
You are very lightly contaminated with residual magic.
Nothing appears to happen.
You constrict the orc priest. The orc priest hits you with a +0 mace!
You die...

#.# #.###
#...# ###.#
#.# #.# #$#
.######.######
.......@ow...#
.#..=..oo.[.>#
#.........>.#
##.....<[...#
#..........#
#..........#
#..........#
#..........#


You could see an orc priest, a dart slug and 2 orcs.

Vanquished Creatures
  Terence (D:2)
  An iguana (D:2)
  Robin (D:2)
  2 adders
  A worm (D:2)
  3 dart slugs (D:1)
  3 giant cockroaches
  17 goblins
  5 hobgoblins
  3 jackals (D:1)
  4 bats
  2 frilled lizards (D:2)
  5 kobolds
  5 rats
53 creatures vanquished.

Notes
Turn   | Place    | Note
-------+----------+-------------------------------------------
     0 | D:1      | Esekla the Octopode Warper began the quest for the Orb.
     0 | D:1      | Reached XP level 1. HP: 14/14 MP: 3/3
   336 | D:1      | Reached XP level 2. HP: 19/19 MP: 5/5
   418 | D:1      | Reached XP level 3. HP: 18/25 MP: 6/6
   427 | D:1      | Learned a level 2 spell: Shroud of Golubria
   430 | D:1      | Learned a level 2 spell: Blink
  1026 | D:2      | Reached skill level 1 in Stealth
  1026 | D:2      | Reached XP level 4. HP: 30/30 MP: 7/7
  1135 | D:2      | Noticed Robin
  1161 | D:2      | Killed Robin
  1238 | D:2      | Noticed Terence
  1278 | D:2      | Killed Terence
  1278 | D:2      | Reached XP level 5. HP: 30/35 MP: 8/8
  1753 | D:3      | Slain by an orc priest

Illustrated notes

Levels and vault maps discovered:
D:1:      scummos_arrival_forest, layout_basic
D:2:      layout_loops_ring, first_ration, uniq_terence, uniq_robin
D:3:      cheibrodos_helix_gallery, layout_rooms, led_xom_imps,
          nicolae_overflow_crystal_walls, lemuel_doored_altar, led_sif_pool

Skill      XL: |  1  2  3 |
---------------+----------+-----
Dodging        | 3 |  3.6
Long Blades    | 3 |  3.7
Stealth        | 1 |  1.8
Fighting       | |  2.4
Throwing       | |  1.0
Spellcasting   | |  2.1
Translocations | |  3.0

Action                   |  1- 3 |  4- 6 || total
-------------------------+-------+-------++-------
Melee: Falchion          |    52 |    51 ||   103
       Constrict         |    15 |    14 ||    29
       Tentacles         |     9 |    12 ||    21
 Cast: Shroud of Golubri |       |     3 ||     3
 Stab: Sleeping          |     4 |     6 ||    10
  Eat: Chunk             |       |     3 ||     3
Armor: Skin              |     1 |     2 ||     3
Dodge: Dodged            |    28 |    27 ||    55
       Rpst.: Falchion   |     9 |     7 ||    16

Table legend:
 A = Non-vault XP
 B = Vault XP
 C = Vault XP percentage of total XP
 D = Non-vault monster count
 E = Vault monster count
 F = Vault count percentage of total count
                 A         B        C        D         E       F
            +---------+---------+-------+---------+---------+-------
      Total |     134 |      70 |  34.3 |      41 |      12 |  22.6
            +---------+---------+-------+---------+---------+-------
        D:1 |      46 |       0 |   0.0 |      23 |       0 |   0.0
        D:2 |      75 |      70 |  48.3 |      17 |      12 |  41.4
        D:3 |      13 |       0 |   0.0 |       1 |       0 |   0.0
            +---------+---------+-------+---------+---------+-------
